 Dungeon Crawl Stone Soup version 0.27-a0-1065-ge809cff456 (webtiles) character file.

Game seed: 9064076417681254205

250 Ijustatesigmund the Chopper (level 5, -3/42 HPs)
             Began as a Demonspawn Fighter on Apr 22, 2021.
             Killed by nerve-wracking pain
             ... invoked by a shadow imp
             ... summoned by Natasha
              (12 damage)
             ... on level 3 of the Dungeon.
             The game lasted 00:03:18 (2434 turns).

Ijustatesigmund the Chopper (Demonspawn Fighter)    Turns: 2434, Time: 00:03:20

Health: -3/42      AC:  6    Str: 16    XL:     5   Next: 88%
Magic:  5/5        EV:  9    Int:  9    God:
Gold:   50         SH:  8    Dex: 14    Spells: 4/4 levels left

rFire    . . .     SeeInvis .   i - +1 hand axe (flame)
rCold    . . .     Faith    .   c - +0 kite shield
rNeg     . . .     Spirit   .   b - +0 scale mail
rPois    .         Reflect  .   (helmet restricted)
rElec    .         Harm     .   (no cloak)
rCorr    .         Rampage  .   (no gloves)
Will     .....                  (no boots)
Stlth    +.........             (no amulet)
HPRegen  0.14/turn              (no ring)
MPRegen  0.09/turn              (no ring)

@: slowed, very slow
A: antennae 1, powered by pain 1, sturdy frame 2
a: no special abilities


You were on level 3 of the Dungeon.
You visited 1 branch of the dungeon, and saw 4 of its levels.

You collected 50 gold pieces.

Inventory:

Hand Weapons
 a - a +0 war axe
 i - a +1 hand axe of flaming (weapon)
Armour
 b - a +0 scale mail (worn)
 c - a +0 kite shield (worn)
Jewellery
 j - a +6 ring of strength
Scrolls
 e - a scroll of noise {unknown}
Potions
 d - a potion of might
 f - a potion of haste
 g - 4 potions of curing
 h - 2 potions of attraction {unknown}


   Skills:
 + Level 4.1 Fighting
 * Level 4.1 Axes
 - Level 2.6 Armour
 + Level 2.3 Dodging
 - Level 2.6 Shields


You had 4 spell levels left.
You didn't know any spells.
Your spell library contained the following spells:

 Spells                   Type           Power      Damage    Failure   Level
 Summon Small Mammal      Summ           0%         N/A       97%         1
 Call Imp                 Summ           0%         N/A       99%         2
 Call Canine Familiar     Summ           0%         N/A       100%        3
 Summon Guardian Golem    Hex/Summ       0%         N/A       100%        3
 Summon Ice Beast         Ice/Summ       0%         N/A       100%        4
 Summon Lightning Spire   Summ/Air       0%         N/A       100%        4


Dungeon Overview and Level Annotations

Branches:
Dungeon (4/15)
 Temple: D:4-7

Altars:

Annotations:
D:3 1 runed translucent door, Natasha


Innate Abilities, Weirdness & Mutations

You have a pair of small antennae on your head.
You sometimes gain a little power by taking damage.
Your movements are less encumbered by armour. (ER -4)


Message History

Natasha is severely wounded.
Natasha casts a spell at you. You resist with some effort.
Natasha casts a spell at you.
You feel as though you will be slow longer.
You barely miss Natasha.
Natasha is severely wounded.
You hit the shadow imp. You burn the shadow imp. The shadow imp hits you.
Natasha claws you but does no damage. The shadow imp barely misses you.
Natasha stares at you and mumbles some strange words.
You feel as though you will be slow longer.
You closely miss Natasha.
Natasha is severely wounded.
You hit the shadow imp. You burn the shadow imp.
You block the shadow imp's attack. Natasha claws you.
The shadow imp closely misses you. Natasha casts a spell at you.
You resist with some effort. The shadow imp gestures at you.
Pain shoots through your body!
Your shield prevents you from hitting the shadow imp.
The shadow imp is almost dead.
You hit Natasha. You burn Natasha. Natasha claws you. The shadow imp hits you.
Natasha casts a spell at you. The magic dart hits you.
You are too injured to fight recklessly!
You are too injured to fight recklessly!
You are too injured to fight recklessly!
You are too injured to fight recklessly!
You are too injured to fight recklessly!
You are too injured to fight recklessly!
You are too injured to fight recklessly!
Your scale mail prevents you from hitting Natasha.
Natasha is almost dead.
You barely miss the shadow imp. The shadow imp hits you.
Natasha barely misses you. The shadow imp hits you. Natasha claws you.
* * * LOW HITPOINT WARNING * * *
The shadow imp gestures at you. Pain shoots through your body!
You die...

.### #########
...####.......# ###
####...?.........######..
.........................
#..............###.##..
#............††# #.##..
##........†.....# #.####
.......h5#.......# #.#
.......#@#.......# #.#
.......#.#.......# #.#
.......#..######## #.#
.r.....##.# #.# .......
#.. <###### ##.. ... ....
..###


You could see Natasha and a shadow imp (summoned).

Vanquished Creatures
  The ghost of nht the Ruffian, an amateur PaFi (D:3)
  Natasha (D:3)
  3 adders
  A river rat (D:3)
  A worm (D:3)
  2 dart slugs
  An orc (D:3)
  3 endoplasms
  A giant cockroach (D:2)
  7 goblins
  3 hobgoblins
  4 jackals (D:1)
  3 kobolds (D:2)
  2 quokkas
  6 ball pythons
  3 bats
  A frilled lizard (D:1)
  4 rats
47 creatures vanquished.

Notes
Turn   | Place    | Note
-------+----------+-------------------------------------------
     0 | D:1      | Ijustatesigmund the Demonspawn Fighter began the quest for
                  | the Orb.
     0 | D:1      | Reached XP level 1. HP: 18/18 MP: 1/1
   207 | D:1      | Gained mutation: Your movements are slightly less
                  | encumbered by armour. (ER -2) [demonic ancestry]
   207 | D:1      | Reached XP level 2. HP: 24/24 MP: 2/2
   231 | D:1      | Found a faded altar of an unknown god.
   901 | D:2      | Reached skill level 1 in Dodging
   960 | D:2      | Gained mutation: You sometimes gain a little power by
                  | taking damage. [demonic ancestry]
   960 | D:2      | Reached XP level 3. HP: 27/29 MP: 3/3
  1534 | D:2      | You fall into a shaft and drop 2 floors!
  2012 | D:3      | Noticed Natasha
  2054 | D:3      | Killed Natasha
  2055 | D:3      | Gained mutation: You have a pair of small antennae on your
                  | head. [demonic ancestry]
  2055 | D:3      | Reached XP level 4. HP: 21/36 MP: 4/4
  2182 | D:3      | Found a runed translucent door.
  2182 | D:3      | Noticed nht's ghost (amateur PaFi)
  2204 | D:3      | Killed nht's ghost
  2205 | D:3      | Gained mutation: Your movements are less encumbered by
                  | armour. (ER -4) [demonic ancestry]
  2205 | D:3      | Reached XP level 5. HP: 31/42 MP: 5/5
  2208 | D:3      | Found a runed translucent door.
  2422 | D:3      | Noticed Natasha
  2434 | D:3      | Killed from afar by a shadow imp

Illustrated notes

Levels and vault maps discovered:
D:1:      dpeg_arrival_rhombi, layout_loops_cross, basic_ecumenical_altar,
          serial_forest, infiniplex_forest_straight_1,
          infiniplex_forest_straight_2, infiniplex_forest_zigzag_2,
          infiniplex_forest_clump_curved, infiniplex_forest_lined_room_2
D:2:      layout_basic, minmay_tromino_v2
D:3:      layout_basic, ebering_ghost_sewer_f, uniq_natasha
D:4:      layout_basic, nicolae_sif_muna_condensation,
          minmay_temple_entry_antechambers, gammafunk_ghost_cemetery,
          chequers_serial_rivers_marsh, kennysheep_generic_room_6, uniq_edmund

Skill      XL: |  1  2  3  4 |
---------------+-------------+-----
Axes           | 2 3 4 |  4.1
Dodging        | 1 2 |  2.3
Fighting       | 4 |  4.1
Armour         | |  2.6
Shields        | |  2.6

Action                   |  1- 3 |  4- 6 || total
-------------------------+-------+-------++-------
Melee: War axe           |    26 |       ||    26
       Hand axe          |    64 |    36 ||   100
  Use: Scroll            |     3 |       ||     3
       Potion            |     1 |     1 ||     2
Armor: Scale mail        |    37 |    10 ||    47
Dodge: Dodged            |    35 |    15 ||    50
Block: Kite shield       |    36 |    14 ||    50

Table legend: (Time is in decaauts)
 A = Elapsed time spent in this place.
 B = Non-inter-level travel time spent in this place.
 C = Inter-level travel time spent in this place.
 D = Time resting spent in this place.
 E = Time spent auto-exploring this place.
 F = Levels seen in this place.
 G = Mean time per level.
                   A        B        C        D        E       F      G
               +--------+--------+--------+--------+--------+-----+--------+
         Total |   2508 |   2423 |     85 |    164 |   1897 |   4 |  627.0 |
       Dungeon |   2508 |   2423 |     85 |    164 |   1897 |   4 |  627.0 |
               +--------+--------+--------+--------+--------+-----+--------+

Top non-repeatable levels by time:
     D:2: 1159 daAuts
     D:1: 920 daAuts
     D:3: 424 daAuts
     D:4: 4 daAuts
